 Dungeon Crawl Stone Soup version 0.21.1-1-g345015f (webtiles) character file.

221 kae the Firebug (level 5, -2/28 HPs)
             Began as a Tengu Fire Elementalist on Apr 5, 2018.
             Slain by a quasit (3 damage)
             ... on level 4 of the Dungeon.
             The game lasted 00:03:24 (3144 turns).

kae the Firebug (Tengu Fire Elementalist)           Turns: 3144, Time: 00:03:25

Health: -2/28      AC:  2    Str:  8      XL:     5   Next: 98%
Magic:  1/10       EV: 11    Int: 17      God:
Gold:   120        SH:  3    Dex:  5 (14) Spells: 3/9 levels left

rFire    . . .     SeeInvis .   i - +0 dagger (protect)
rCold    . . .     Gourm    .   f - +0 buckler
rNeg     . . .     Faith    .   a - +0 robe
rPois    .         Spirit   .   (helmet restricted)
rElec    .         Reflect  .   (no cloak)
rCorr    .         Harm     .   (no gloves)
MR       .....                  (boots unavailable)
Stlth    +.........             (no amulet)
HPRegen  0.09/turn              (no ring)
MPRegen  0.12/turn              (no ring)

@: very slightly contaminated
A: beak, talons 3, able to fly 1
a: Fly


You were on level 4 of the Dungeon.
You were hungry.

You visited 1 branch of the dungeon, and saw 4 of its levels.

You collected 120 gold pieces.

Inventory:

Hand Weapons
 i - a +0 dagger of protection (weapon)
 k - a +0 short sword
 p - a +1 vampiric short sword
Armour
 a - a +0 robe (worn)
 f - a +0 buckler (worn)
Wands
 d - a wand of digging (14)
 n - a wand of acid (10)
Scrolls
 g - a scroll of amnesia {unknown}
 h - 3 scrolls of identify
 j - a scroll of remove curse
 l - 2 scrolls of enchant armour {unknown}
 q - a scroll of magic mapping {unknown}
 r - a scroll of enchant weapon {unknown}
 t - a scroll of immolation {unknown}
Potions
 e - a potion of mutation
 m - 2 potions of agility
 o - a potion of cancellation {unknown}
Books
 b - a book of Flames

   Spells                             Type                      Level
   a - Flame Tongue                   Conjuration/Fire             1
   b - Throw Flame                    Conjuration/Fire             2
   c - Conjure Flame                  Conjuration/Fire             3
   d - Inner Flame                    Hexes/Fire                   3
   e - Sticky Flame                   Conjuration/Fire             4
   f - Fireball                       Conjuration/Fire             5
 s - a book of Cantrips

   Spells                             Type                      Level
   a - Confusing Touch                Hexes                        1
   b - Animate Skeleton               Necromancy                   1
   c - Summon Small Mammal            Summoning                    1
   d - Apportation                    Translocation                1
Comestibles
 c - 9 rations


   Skills:
 - Level 2.1 Dodging
 - Level 2.0 Stealth
 + Level 1.5 Shields
 + Level 2.8 Spellcasting
 * Level 4.3 Conjurations
 * Level 5.1 Fire Magic


You had 3 spell levels left.
You knew the following spells:

 Your Spells              Type           Power        Failure   Level  Hunger
a - Flame Tongue          Conj/Fire      ###..        3%          1    #......
b - Throw Flame           Conj/Fire      ###...       5%          2    ##.....
c - Conjure Flame         Conj/Fire      ###.....     11%         3    ###....


Dungeon Overview and Level Annotations

Branches:
Dungeon (4/15)
 Temple: D:4-7

Altars:
Ashenzari
Cheibriados
Fedhas


Innate Abilities, Weirdness & Mutations

You have a beak for a mouth.
You have claws for feet.
You can fly.


Message History

* * * LOW HITPOINT WARNING * * *
The quasit misses you. The quasit barely misses you. The quasit bites you.
* * * LOW HITPOINT WARNING * * *
The quasit claws you.
* * * LOW HITPOINT WARNING * * *
You feel clumsy. The quasit barely misses you.
You completely miss the quasit. Your kick misses the quasit.
Your peck misses the quasit.
The quasit is almost dead.
The quasit bites you.
* * * LOW HITPOINT WARNING * * *
You feel clumsy.
The quasit claws you but does no damage.
The quasit claws you.
* * * LOW HITPOINT WARNING * * *
You closely miss the quasit.
The quasit is almost dead.
The quasit bites you.
You die...

. ## .. .. #..
##. . #..#.. ..
#...5## ... #
#.@####$#..
.###.#..........
.............#.
...###..<...## .
#.#......#
#.#..###...
.....# #.
.....## .....#


You could see a quasit.

Vanquished Creatures
  An orc priest (D:3)
  An orc wizard (D:3)
  3 gnolls
  6 adders
  3 leopard geckos
  2 orcs (D:3)
  A giant cockroach (D:3)
  5 goblins
  6 hobgoblins (D:3)
  7 jackals
  2 quokkas (D:3)
  A ball python (D:1)
  13 bats
  5 frilled lizards
  11 kobolds
  13 rats
80 creatures vanquished.

Notes
Turn   | Place    | Note
-------+----------+-------------------------------------------
     0 | D:1      | kae the Tengu Fire Elementalist began the quest for the Orb.
     0 | D:1      | Reached XP level 1. HP: 10/10 MP: 4/4
   254 | D:1      | Reached XP level 2. HP: 9/15 MP: 3/6
   952 | D:1      | Reached XP level 3. HP: 19/19 MP: 7/7
  1124 | D:2      | Found a shattered altar of Ashenzari.
  1139 | D:2      | Reached skill level 4 in Fire Magic
  1547 | D:2      | Reached XP level 4. HP: 24/24 MP: 8/8
  1942 | D:2      | Learned a level 2 spell: Throw Flame
  1946 | D:2      | Learned a level 3 spell: Conjure Flame
  2362 | D:3      | Gained mutation: You can fly. [Tengu growth]
  2362 | D:3      | Reached XP level 5. HP: 19/28 MP: 5/9
  2429 | D:3      | Reached skill level 1 in Shields
  2748 | D:3      | Found a snail-covered altar of Cheibriados.
  2790 | D:3      | Reached skill level 5 in Fire Magic
  2906 | D:3      | Found a blossoming altar of Fedhas.
  3143 | D:4      | HP: 1/28 [quasit (1)]
  3144 | D:4      | Slain by a quasit

Skill      XL: |  1  2  3  4  5 |
---------------+----------------+-----
Conjurations   | 2 3 4 |  4.3
Fire Magic     | 4 5 |  5.1
Shields        | 1 |  1.5
Dodging        | |  2.1
Stealth        | |  2.0
Spellcasting   | |  2.8

Action                   |  1- 3 |  4- 6 || total
-------------------------+-------+-------++-------
Melee: Unarmed           |    33 |       ||    33
       Kick              |    14 |    11 ||    25
       Peck              |     5 |     5 ||    10
       Short sword       |    23 |       ||    23
       Dagger            |     9 |    88 ||    97
 Cast: Flame Tongue      |    26 |    57 ||    83
  Use: Scroll            |     7 |       ||     7
       Potion            |     1 |       ||     1
 Stab: Sleeping          |     6 |     5 ||    11
  Eat: Chunk             |     1 |     6 ||     7
Armor: Robe              |    14 |    41 ||    55
Dodge: Dodged            |    69 |    86 ||   155
Block: Buckler           |     9 |    29 ||    38
